 Dungeon Crawl Stone Soup version 0.30.1-11-g7821555f0a (webtiles) character file.

Game seed: 7242604051219453318

2176 ChrisAssaf the Grave Robber (level 9, -1/71 HPs)
             Began as a Grey Draconian Necromancer on Dec 17, 2023.
             Was an Initiate of Yredelemnul.
             Slain by a gnoll
             ... wielding a +0 halberd
             ... led by a gnoll sergeant
              (6 damage)
             ... on level 6 of the Dungeon.
             The game lasted 00:26:08 (5001 turns).

ChrisAssaf the Grave Robber (DrNe)                  Turns: 5001, Time: 00:26:09

Health: -1/71      AC: 12    Str: 11    XL:     9   Next: 11%
Magic:  16/16      EV: 13    Int: 20    God:    Yredelemnul [......]
Gold:   233        SH:  0    Dex: 14    Spells: 6/18 levels left

rFire   . . .        h - +6 dagger of the Pits of Slime {spect, Dex+3}
rCold   . . .        (no shield)
rNeg    . . .        (body armour unavailable)
rPois   .            (helmet restricted)
rElec   .            (no cloak)
rCorr   .            (no gloves)
SInv    .            (no boots)
Will    .....        (no amulet)
Stlth   +++          (no ring)
HPRegen 0.31/turn    (no ring)
MPRegen 0.15/turn

%: no passive effects
@: no status effects
A: AC +12, amphibious, unfitting armour, cold-blooded
a: Renounce Religion, Recall Undead Harvest


You were on level 6 of the Dungeon.
You worshipped Yredelemnul.
Yredelemnul was noncommittal.
You visited 1 branch of the dungeon, and saw 8 of its levels.

You collected 233 gold pieces.

Inventory:

Hand Weapons
 h - the +6 dagger of the Pits of Slime (weapon) {spect, Dex+3}
   (You found it on level 2 of the Dungeon)

   Dex:       It affects your dexterity (+3).
Missiles
 c - 16 poisoned darts (quivered)
 d - 4 boomerangs
Scrolls
 a - 3 scrolls of enchant armour
 b - 4 scrolls of enchant weapon {unknown}
 k - 3 scrolls of teleportation
 l - 2 scrolls of fear {unknown}
 m - 2 scrolls of vulnerability {unknown}
 n - 2 scrolls of poison {unknown}
 p - a scroll of fog {unknown}
 r - a scroll of immolation {unknown}
Potions
 e - a potion of cancellation {unknown}
 f - 4 potions of curing
 g - 2 potions of haste
 j - 2 potions of might
 o - 2 potions of degeneration {unknown}
 s - a potion of brilliance {unknown}
 t - a potion of attraction {unknown}


   Skills:
 * Level 3.8 Fighting
 * Level 3.4 Short Blades
 * Level 2.9 Throwing
 * Level 3.9 Dodging
 * Level 4.3 Stealth
 * Level 5.1 Spellcasting
 * Level 6.1 Necromancy
 * Level 3.1 Ice Magic
 * Level 3.5 Invocations


You had 6 spell levels left.
You knew the following spells:

 Your Spells              Type           Power      Damage    Failure   Level
a - Frozen Ramparts       Ice            34%        1d6       10%         3
b - Vampiric Draining     Necr           29%        2d8       2%          3
c - Freeze                Ice            68%        1d8       3%          1
d - Agony                 Necr           29%        N/A       26%         5

Your spell library contained the following spells:

 Spells                   Type           Power      Damage    Failure   Level
 Necrotise                Necr           100%       1d9       1%          1
 Hailstorm                Conj/Ice       11%        3d5       19%         3
 Animate Dead             Necr           Unusable   N/A       N/A         4

Dungeon Overview and Level Annotations

Branches:
Dungeon (8/15)             Temple (0/1) D:5
   Lair: D:8-11

Altars:
Cheibriados
Makhleb
Nemelex Xobeh
Trog
Yredelemnul

Annotations:
D:3 3 runed translucent doors, leoleoleoleo212121's ghost, amateur TrEE


Innate Abilities, Weirdness & Mutations

Your dull iron-grey scales are very hard. (AC +12)
You are amphibious.
You cannot fit into any form of body armour.
You are cold-blooded and may be slowed by cold attacks.


Message History

The gnoll hits you from afar with a +0 halberd.
* * * LOW HITPOINT WARNING * * *
The kobold throws a stone.
Something hits you.
* * * LOW HITPOINT WARNING * * *
Something shocks you.
* * * LOW HITPOINT WARNING * * *
You are confused.
You feel invigorated. The gnoll closely misses you. Something hits you.
* * * LOW HITPOINT WARNING * * *
Something shocks you.
* * * LOW HITPOINT WARNING * * *
Unknown command.
You barely miss something.
Your tail-slap misses something.
You're too confused to move!
The kobold throws a stone.
The gnoll barely misses you. Something hits you but does no damage.
You puncture something! Something hits you but does no damage.
The kobold throws a stone.
The stone hits you.
* * * LOW HITPOINT WARNING * * *
The gnoll barely misses you.
You bump into the rock wall.
The gnoll hits you but does no damage. Something hits you.
* * * LOW HITPOINT WARNING * * *
Something shocks you.
* * * LOW HITPOINT WARNING * * *
You hit something.
The kobold throws a stone.
The stone closely misses you.
The stone barely misses the gnoll.
The stone barely misses the kobold brigand.
The gnoll hits you from afar with a +0 halberd!
* * * LOW HITPOINT WARNING * * *
Something hits you but does no damage. Something hits you but does no damage.
You feel less invigorated.
You feel less confused.
The kobold throws a stone.
The stone closely misses you.
The stone closely misses the gnoll.
The stone misses the kobold brigand.
The gnoll closely misses you.
You see here a +0 halberd.
You closely miss something. You tail-slap something.
The gnoll hits you with a +0 halberd.
You die...
Your body rises from the dead as a mindless zombie.

........#
.....##)# . .....
#.# .. .... #.#
....... #.#
......#.##.#######
..... #...........
......####.#######
.....K))@gK#
############


You could see a kobold brigand, a gnoll and a kobold.

Vanquished Creatures
  2 unseen horror zombies (D:8)
  Eustachio (D:5)
  A water moccasin (D:3)
  A sky beast (D:8)
  2 ice beasts (D:7)
  3 black bears
  A centaur (D:8)
  A phantom (D:4)
  A kobold brigand (D:8)
  Blork the orc (D:5)
  A gnoll sergeant (D:6)
  2 howler monkeys
  A jelly (D:7)
  An orc priest (D:4)
  Jessica (D:2)
  2 orc wizards
  2 sleepcaps
  An iguana (D:4)
  A mummy (D:5)
  5 gnolls
  6 adders
  A shadow imp (D:5)
  2 dart slugs
  10 orcs
  4 endoplasms
  3 giant cockroaches
  5 goblins
  6 hobgoblins
  4 quokkas
  5 ball pythons
  6 bats
  2 frilled lizards (D:1)
  16 kobolds
  4 rats
105 creatures vanquished.

Vanquished Creatures (collateral kills)
  A gnoll (D:7)
  An ufetubus (D:4)
  A dart slug (D:3)
  An orc (D:4)
  A ball python (D:4)
  2 bats (D:3)
  A goblin (D:4)
  2 kobolds
  2 rats (D:1)
12 creatures vanquished.

Vanquished Creatures (others)
  2 black bear zombies (D:5)
  A howler monkey zombie (D:4)
  An adder zombie (D:3)
  2 bat zombies (D:3)
  2 gnoll zombies (D:6)
  A giant cockroach zombie (D:2)
  3 kobold zombies
  3 orc zombies
  A quokka zombie (D:5)
16 creatures vanquished.

Grand Total: 133 creatures vanquished

Notes
Turn   | Place    | Note
-------+----------+-------------------------------------------
     0 | D:1      | ChrisAssaf the Draconian Necromancer began the quest for
                  | the Orb.
     0 | D:1      | Reached XP level 1. HP: 14/14 MP: 3/3
   336 | D:1      | Reached XP level 2. HP: 20/20 MP: 3/5
   542 | D:2      | Found a faded altar of an unknown god.
   562 | D:2      | Prayed at the altar of an unknown god.
   562 | D:2      | Became a worshipper of Yredelemnul the Dark
   562 | D:2      | Reached * piety under Yredelemnul
   596 | D:2      | Reached skill level 1 in Fighting
  1039 | D:2      | Reached XP level 3. HP: 20/28 MP: 4/6
  1043 | D:2      | Learned a level 3 spell: Vampiric Draining
  1069 | D:2      | Learned a level 1 spell: Freeze
  1078 | D:2      | Noticed Jessica
  1084 | D:2      | Killed Jessica
  1089 | D:2      | Reached ** piety under Yredelemnul
  1139 | D:2      | Identified the +6 dagger of the Pits of Slime {spect,
                  | Dex+3}
  1277 | D:1      | Reached XP level 4. HP: 35/35 MP: 7/7
  1318 | D:1      | Learned a level 3 spell: Frozen Ramparts
  1885 | D:3      | Found a burning altar of Makhleb.
  1982 | D:3      | Found a runed translucent gate.
  1982 | D:3      | Found a runed translucent gate.
  1982 | D:3      | Found a runed translucent gate.
  1983 | D:3      | Noticed leoleoleoleo212121's ghost (amateur TrEE)
  2009 | D:3      | Noticed a water moccasin
  2024 | D:3      | Killed a water moccasin
  2025 | D:3      | Reached skill level 1 in Short Blades
  2025 | D:3      | Reached skill level 1 in Throwing
  2025 | D:3      | Reached skill level 1 in Ice Magic
  2025 | D:3      | Reached skill level 1 in Invocations
  2025 | D:3      | Reached XP level 5. HP: 41/41 MP: 1/9
  2928 | D:4      | Reached XP level 6. HP: 48/48 MP: 8/10
  3146 | D:4      | Your scales start taking on a dull iron-grey colour.
  3146 | D:4      | Reached XP level 7. HP: 54/56 MP: 9/12
  3307 | D:4      | Reached skill level 5 in Necromancy
  3683 | D:5      | Entered Level 5 of the Dungeon
  3719 | D:5      | Noticed Blork the orc
  3739 | D:5      | Killed Blork the orc
  3805 | D:5      | Found a snail-covered altar of Cheibriados.
  3860 | D:5      | Noticed Eustachio
  3891 | D:5      | Killed Eustachio
  3917 | D:5      | Found a staircase to the Ecumenical Temple.
  4069 | D:5      | Reached XP level 8. HP: 52/63 MP: 14/14
  4322 | D:5      | Found a bloodstained altar of Trog.
  4358 | D:5      | You fall into a shaft and drop 3 floors!
  4382 | D:8      | Found a sparkling altar of Nemelex Xobeh.
  4551 | D:8      | Found a basalt altar of Yredelemnul.
  4712 | D:7      | Reached skill level 6 in Necromancy
  4804 | D:7      | Reached skill level 5 in Spellcasting
  4804 | D:7      | Reached XP level 9. HP: 71/71 MP: 9/16
  4810 | D:7      | Learned a level 5 spell: Agony
  4999 | D:6      | HP: 2/71 [gnoll/+0 halberd[a gnoll sergeant] (12)]
  5001 | D:6      | Slain by a gnoll

Illustrated notes

Levels and vault maps discovered:
D:1:      scummos_arrival_star, layout_basic
D:2:      layout_basic, ebering_ecumenical_altar_webs, uniq_jessica
D:3:      layout_basic, mainiacjoe_overflow_concentric_impassable,
          gammafunk_ghost_necromancy, chequers_jeans, hangedman_decor_push
D:4:      layout_basic, serial_aquarium, aquarium_bridge_long_joined
          [aquarium_subvault_bridge, aquarium_subvault_balcony,
          aquarium_subvault_bridge, aquarium_subvault_window,
          aquarium_subvault_bridge, aquarium_subvault_window],
          aquarium_bridge_square [aquarium_subvault_bridge,
          aquarium_subvault_window, aquarium_subvault_wall,
          aquarium_subvault_bridge], aquarium_window_2, aquarium_window_1,
          aquarium_window_fake, aquarium_window_2, aquarium_view_2d,
          aquarium_balcony_5b, aquarium_pool_1, dk_noncrumbling_4
D:5:      layout_cave_pools, trog_butcher_becter, slow_altar_1,
          minmay_temple_entry_drinking_statues, uniq_eustachio,
          uniq_blork_the_orc
D:6:      layout_basic, mainiacjoe_overflow_chevrons
D:7:      layout_loops_ring, guppyfry_shop_venom
D:8:      layout_loops_corners, lemuel_zombie_altar_yredelemnul,
          nemelex_spade_bored_becter, serial_shops, shop, minmay_checkerbox

Skill      XL: |  1  2  3  4  5  6  7  8 |
---------------+-------------------------+-----
Stealth        | 2 3 4 |  4.3
Fighting       | 1 2 3 |  3.8
Dodging        | 2 3 |  3.9
Short Blades   | 1 2 3 |  3.4
Throwing       | 1 2 |  2.9
Ice Magic      | 1 2 3 |  3.1
Invocations    | 1 2 3 |  3.5
Spellcasting   | 3 4 5 |  5.1
Necromancy     | 5 6 |  6.1

Action                     |  1- 3 |  4- 6 |  7- 9 || total
---------------------------+-------+-------+-------++-------
  Melee: Dagger            |    40 |    48 |   109 ||   197
         Tailslap          |       |     7 |    21 ||    28
         Punch             |       |       |     1 ||     1
  Throw: Dart              |    17 |     9 |    15 ||    41
   Cast: Necrotise         |    18 |       |       ||    18
         Vampiric Draining |     1 |     7 |    27 ||    35
         Freeze            |     1 |     7 |    16 ||    24
         Frozen Ramparts   |       |     1 |     5 ||     6
 Invoke: Recall Undead Har |       |     6 |     2 ||     8
    Use: Scroll            |     7 |     2 |     2 ||    11
         Potion            |       |     1 |     4 ||     5
   Stab: Sleeping          |     3 |     8 |     2 ||    13
 Armour: Skin              |    16 |    25 |    87 ||   128
  Dodge: Dodged            |    42 |    41 |   171 ||   254
